Map: Romanticide LE

Players

Elazer - Winner!

  • Race: Zerg Zerg

BattleB

  • Race: Terran Terran

Event: DreamHack SC2 Masters 2021 Winter

VOD

Have the link to the VOD?

Description

Time

  • Played on: Oct. 7, 2021, 11:40 a.m.
  • Length: 12:50

All games in this series

Show
View Real Time Build Order
Export as new Build Order

Elazer Zerg - Winner!

Build Orders: Hatch First 

Get SALT Encoding   

  12  0:00  Drone  
  13  0:12  Overlord  
  13  0:16  Drone  
  14  0:30  Drone x2  
  16  0:47  Hatchery  
  15  0:50  Drone  
  15  0:54  Drone  
  15  0:57  Drone  
  18  1:07  Extractor  
  17  1:12  Spawning Pool  
  17  1:15  Drone  
  17  1:19  Drone  
  18  1:28  Drone  
  19  1:39  Drone  
  20  1:49  Drone  
  21  1:58  Queen x2  
  21  2:00  Zergling x4  
  27  2:11  Drone  
  27  2:12  Metabolic Boost, Overlord  
  28  2:29  Hatchery  
  27  2:30  Drone  
  27  2:32  Drone  
  27  2:34  Drone  
  30  2:39  Drone  
  30  2:43  Queen  
  33  2:48  Overlord  
  33  2:52  Drone  
  33  2:55  Drone  
  33  2:56  Drone  
  36  3:06  Overlord  
  36  3:08  Drone x4  
  40  3:21  Queen  
  40  3:22  Queen  
  40  3:24  Overlord  
  45  3:27  Drone x2  
  45  3:29  Drone  
  47  3:39  Drone x4  
  47  3:40  Queen  
  53  3:42  Drone  
  53  3:47  Zergling x4  
  56  3:50  Overlord  
  56  3:54  Zergling x6  
  59  3:58  Queen  
  59  4:00  Drone  
  59  4:01  Drone  
  63  4:07  Drone x2  
  65  4:12  Overlord  
  63  4:18  Drone x2  
  63  4:21  Drone  
  65  4:24  Queen  
  65  4:25  Drone x4  
  65  4:28  Drone  
  72  4:32  Overlord  
  72  4:34  Drone x3  
  72  4:35  Lair  
  72  4:38  Queen  
  77  4:42  Drone x3  
  80  4:49  Drone  
  80  4:52  Overlord  
  81  4:56  Spore Crawler, Extractor  
  81  4:57  Spore Crawler, Extractor  
  81  4:59  Zergling x4  
  79  5:00  Zergling x6  
  79  5:05  Drone x6  
  88  5:07  Spore Crawler  
  88  5:10  Drone x2  
  88  5:13  Roach Warren  
  88  5:17  Overlord  
  88  5:21  Drone x2  
  88  5:23  Extractor  
  88  5:24  Extractor  
  88  5:25  Extractor  
  87  5:28  Queen  
  87  5:30  Overlord  
  87  5:31  Drone x5  
  87  5:34  Overseer  
  87  5:35  Spire  
  91  5:45  Overlord  
  91  5:48  Drone x6  
  92  5:51  Drone x2  
  94  6:00  Drone x4  
  98  6:05  Evolution Chamber  
  98  6:06  Evolution Chamber  
  96  6:14  Overlord  
  96  6:16  Hatchery  
  93  6:37  Zerg Ground Armor Level 1, Zerg Melee Weapons Level 1  
  93  6:39  Zergling x14  
  100  6:46  Mutalisk x6  
  100  6:47  Mutalisk  
  102  6:49  Overlord  
  102  6:50  Drone x3  
  102  6:53  Baneling Nest  
  102  6:54  Drone  
  117  6:58  Drone  
  118  7:03  Hatchery  
  117  7:08  Mutalisk  
  117  7:09  Mutalisk x2  
  117  7:11  Zergling x10  
  127  7:16  Overlord  
  127  7:21  Drone x2  
  129  7:23  Overlord x2  
  135  7:30  Drone x6  
  135  7:37  Centrifugal Hooks  
  135  7:40  Mutalisk  
  135  7:41  Mutalisk x2  
  141  7:48  Mutalisk x2  
  141  7:51  Zergling x14  
  151  7:58  Overlord  
  151  8:03  Zergling x20  
  142  8:10  Drone x3  
  144  8:15  Zergling x2  
  144  8:16  Zergling x10  
  144  8:17  Zerg Flyer Weapons Level 1  
  150  8:23  Baneling x8  
  150  8:24  Hatchery  
  149  8:28  Mutalisk x3  
  149  8:31  Zergling x14  
  162  8:37  Drone x3  
  162  8:38  Overlord x3  
  162  8:39  Zergling x2  
  162  8:40  Zergling x6  
  169  8:47  Zerg Ground Armor Level 2  
  167  8:57  Baneling x11  
  167  8:59  Zergling x2  
  167  9:00  Zergling x18  
  173  9:13  Drone x10  
  182  9:19  Zergling x4  
  182  9:20  Zergling x16  
  182  9:21  Baneling x7  
  181  9:31  Mutalisk x3  
  177  9:37  Drone  
  177  9:38  Drone x3  
  182  9:39  Zerg Melee Weapons Level 2  
  182  9:41  Drone  
  182  9:42  Drone, Extractor  
  182  9:43  Drone  
  182  9:44  Drone x2  
  182  9:45  Baneling x6  
  185  9:48  Zergling x16  
  193  9:54  Spore Crawler x2  
  191  10:00  Zergling x16  
  191  10:02  Baneling x5  
  199  10:09  Baneling x11  
  199  10:10  Zergling x2  
  198  10:28  Baneling  
  198  10:29  Baneling x11  
  196  10:41  Baneling x5  
  196  10:42  Infestation Pit, Baneling x3  
  192  10:43  Zergling x14  
  183  11:11  Zergling x34  
  162  11:17  Zergling x38  
  174  11:24  Hive  
  168  11:26  Mutalisk x6  
  168  11:31  Mutalisk x2  
  179  11:34  Drone  
  179  11:35  Drone x2, Extractor  
  179  11:36  Zergling x8  
  179  11:39  Baneling x4  
  184  11:40  Zergling x4  
  184  11:43  Zergling x2  
  183  11:54  Baneling x2  
  183  11:55  Baneling x12  
  183  11:56  Zergling x24  
  183  11:57  Zergling x8  
  183  12:01  Baneling x4  
  199  12:07  Baneling x5  
  199  12:09  Hatchery  
  176  12:25  Zergling x46  
Show
View Real Time Build Order
Export as new Build Order

BattleB Terran 

Build Orders: Hellion Opening, Reaper Expand 

Get SALT Encoding   

  12  0:00  SCV  
  13  0:12  SCV  
  14  0:17  Supply Depot  
  14  0:24  SCV  
  15  0:38  SCV  
  15  0:40  Barracks  
  16  0:43  Refinery  
  16  0:50  SCV  
  17  1:02  SCV  
  18  1:14  SCV  
  19  1:27  Reaper, Orbital Command  
  20  1:39  Command Center  
  20  1:47  Supply Depot  
  20  1:52  SCV  
  21  1:58  Marine  
  22  2:04  SCV  
  22  2:07  Factory  
  23  2:16  SCV  
  23  2:18  Refinery  
  23  2:20  Barracks Reactor  
  24  2:28  SCV  
  25  2:41  SCV  
  26  2:51  Orbital Command  
  26  2:52  Starport  
  26  2:53  SCV  
  27  3:03  Hellion x2  
  27  3:05  SCV  
  32  3:17  SCV  
  32  3:19  SCV  
  33  3:25  Hellion x2, Supply Depot  
  37  3:29  Fusion Core  
  37  3:30  SCV  
  37  3:32  SCV  
  39  3:42  SCV  
  39  3:44  SCV  
  39  3:46  Hellion x2  
  39  3:48  Supply Depot  
  45  3:55  SCV  
  46  3:56  SCV, Starport Tech Lab  
  47  4:07  SCV  
  47  4:08  SCV  
  49  4:11  Command Center  
  49  4:20  SCV x2  
  49  4:23  Battlecruiser  
  57  4:26  Barracks Tech Lab  
  57  4:32  SCV x2  
  57  4:34  Supply Depot  
  59  4:44  SCV x2, Factory Reactor, Barracks  
  61  4:50  Barracks  
  61  4:51  Stimpack  
  61  4:52  Marine  
  62  4:56  SCV x2  
  62  4:57  Engineering Bay  
  64  5:03  Engineering Bay  
  64  5:04  Refinery  
  64  5:06  Refinery  
  64  5:08  SCV  
  64  5:10  SCV, Marine  
  67  5:15  Supply Depot  
  67  5:20  SCV  
  68  5:22  SCV  
  68  5:25  Orbital Command  
  68  5:27  Marine  
  70  5:29  Terran Infantry Weapons Level 1  
  70  5:30  Terran Infantry Armor Level 1  
  70  5:32  Marine x2  
  70  5:33  SCV  
  70  5:34  SCV  
  74  5:42  Siege Tank  
  75  5:45  SCV  
  75  5:46  SCV  
  75  5:49  Marine, Orbital Command  
  76  5:51  Barracks x2  
  76  5:54  Marine  
  76  5:56  Marine x3  
  80  5:57  SCV, Starport Reactor  
  80  5:58  SCV  
  82  6:05  Supply Depot x2  
  82  6:09  SCV, Marine  
  82  6:10  SCV  
  85  6:12  Marine  
  85  6:15  Marine x3  
  85  6:17  Siege Tank  
  92  6:19  SCV  
  93  6:26  SCV x2  
  93  6:27  Marine  
  93  6:30  Marine  
  93  6:31  Supply Depot, SCV  
  98  6:34  Marine  
  98  6:35  Marine  
  98  6:36  Medivac  
  98  6:37  Medivac, Marine  
  98  6:38  SCV  
  98  6:39  SCV  
  107  6:45  Barracks Reactor x2, Combat Shield  
  107  6:46  Supply Depot  
  107  6:48  SCV  
  107  6:50  Supply Depot, SCV  
  107  6:52  Marine  
  110  6:54  Supply Depot  
  110  6:57  Siege Tank  
  110  6:58  Marine x2  
  110  6:59  Marine x2  
  117  7:01  Supply Depot  
  117  7:04  Refinery x2  
  117  7:07  Armory  
  117  7:12  SCV x3, Marine  
  121  7:15  Marine  
  121  7:16  Marine  
  121  7:19  Medivac  
  121  7:20  Supply Depot, Marine  
  121  7:22  Supply Depot  
  125  7:24  SCV  
  125  7:25  SCV x2  
  125  7:26  Marine x3  
  131  7:30  Marine x2  
  131  7:31  Marine  
  131  7:36  Factory  
  133  7:40  Missile Turret  
  133  7:41  Missile Turret  
  130  7:46  Missile Turret, Marine x2  
  130  7:47  Marine  
  130  7:49  SCV x2  
  135  7:51  SCV  
  135  7:52  Widow Mine  
  138  7:59  Marine  
  138  8:01  Marine  
  138  8:02  Marine  
  138  8:03  Marine x2  
  138  8:04  Marine  
  138  8:05  Marine  
  125  8:06  Marine x2  
  125  8:07  Medivac  
  125  8:08  Medivac  
  125  8:10  Terran Infantry Armor Level 2  
  126  8:17  Marine  
  126  8:19  Marine  
  128  8:20  Factory Reactor, Marine  
  128  8:21  Marine  
  128  8:25  Terran Infantry Weapons Level 2, Widow Mine, Command Center  
  132  8:29  Marine, Terran Vehicle And Ship Armor Level 1  
  132  8:30  Marine x3  
  136  8:35  Supply Depot  
  136  8:36  Marine x2  
  136  8:38  Supply Depot  
  136  8:40  Marine x2  
  140  8:41  Concussive Shells  
  140  8:45  Medivac x2  
  144  8:51  Marine x2  
  144  8:54  Marine x5  
  149  8:56  Thor  
  149  9:00  Supply Depot, Marine x2  
  149  9:01  Bunker  
  149  9:02  Widow Mine  
  159  9:09  Marine  
  160  9:14  Marine, Barracks  
  160  9:15  Barracks  
  160  9:16  Barracks  
  161  9:22  Supply Depot  
  152  9:25  Supply Depot  
  152  9:26  Supply Depot  
  152  9:30  Marine  
  152  9:31  Marine  
  149  9:32  Supply Depot x2, Marine  
  149  9:33  Supply Depot  
  149  9:34  Widow Mine  
  149  9:36  Medivac, Marine x2  
  149  9:37  Widow Mine  
  155  9:41  SCV x3  
  155  9:44  Marine x2  
  160  9:47  Marine x2  
  160  9:48  Marine  
  160  9:52  Thor  
  169  9:53  Drilling Claws  
  169  9:54  Marine  
  169  9:56  Widow Mine  
  169  9:57  SCV x2, Marine  
  175  10:04  Barracks Tech Lab x2, Sensor Tower  
  175  10:06  Barracks Tech Lab  
  175  10:09  Missile Turret  
  175  10:12  Planetary Fortress  
  175  10:14  Marine  
  175  10:15  Marine x2  
  175  10:19  Marine  
  177  10:22  Widow Mine x2  
  177  10:23  Marine  
  175  10:29  Sensor Tower  
  175  10:31  SCV  
  175  10:32  SCV x2  
  178  10:38  Marine x8  
  180  10:43  SCV  
  180  10:44  SCV  
  180  10:49  Widow Mine x2  
  186  10:51  SCV  
  186  10:52  Supply Depot  
  186  10:55  Marine  
  186  10:56  Marine x3  
  191  11:02  Marine x2  
  191  11:03  Marine  
  186  11:04  Marine x2, Orbital Command  
  186  11:05  Marine  
  186  11:06  Marine  
  186  11:07  SCV  
  186  11:09  Widow Mine  
  186  11:10  Widow Mine  
  155  11:12  Medivac  
  155  11:13  Medivac, Marine x2  
  155  11:14  Marine x3  
  124  11:18  Widow Mine  
  124  11:20  Marine x3  
  124  11:22  Marine  
  117  11:26  SCV x3  
  117  11:27  Marine x2  
  117  11:30  Marine  
  117  11:31  SCV, Marine  
  123  11:35  Marine  
  123  11:37  Marine x2  
  123  11:38  SCV x3  
  129  11:40  Marine  
  129  11:42  Marine  
  129  11:43  SCV, Marine  
  132  11:48  Marine x3  
  132  11:50  SCV x3  
  132  11:53  Marine x2  
  140  11:55  Widow Mine  
  140  11:58  SCV  
  143  12:09  Marine  
  143  12:10  Marine x8  
  143  12:12  Widow Mine  
  143  12:14  SCV  
  150  12:17  Medivac x2  
  150  12:22  Marauder, Marine x2  
  141  12:23  Widow Mine x2  
  141  12:27  Marine  
  141  12:29  Marauder, Marine  

Tags
 
Add a new tag
Caveats
  • Supply blocks, unpowered buildings, or Contaminate may cause inaccurate times.
  • Supply counts are checked every 10 seconds.